 Dungeon Crawl Stone Soup version 0.16-a0-324-g99bef82 (webtiles) character file.

4 PolkaDot the Caller (level 1, -2/13 HPs)
             Began as a Vampire Summoner on Sept 3, 2014.
             Slain by a jackal (3 damage)
             ... on Level 1 of the Dungeon.
             The game lasted 00:01:07 (136 turns).

PolkaDot the Caller (Vampire Summoner)               Turns: 136, Time: 00:01:08

HP  -2/13        AC  2     Str  7      XL: 1   Next: 58%
MP   1/3         EV 12     Int 17      God:
Gold 22          SH  0     Dex 14      Spells:  1 memorised,  3 levels left

rFire  . . .     SeeInvis +     d - +0 spear
rCold  . . .     Clarity  .     a - +0 robe
rNeg   + . .     rCorr    .     (no shield)
rPois  .         rRot     .     (no helmet)
rElec  .         Spirit   .     (no cloak)
SustAb .         Warding  .     (no gloves)
rMut   .         Stasis   .     (no boots)
Gourm  .                        (no amulet)
MR     .....                    (no ring)
                                f - ring of positive energy

@: regenerating quickly, not resistant to hostile enchantments, unstealthy
A: fangs 3, see invisible, unbreathing
a: no special abilities


You were on level 1 of the Dungeon.
You were full.

You visited 1 branch of the dungeon, and saw 1 of its levels.

You collected 22 gold pieces.

Inventory:

Hand weapons
 d - a +0 spear (weapon)
Armour
 a - a +0 robe (worn)
Scrolls
 c - a scroll of fear {unknown}
 e - a scroll of remove curse {unknown}
Jewellery
 f - a ring of positive energy (left hand)
Books
 b - a book of Callings

   Spells                             Type                      Level
   *Summon Small Mammal               Summoning                    1
   Call Imp                           Summoning                    2
   Call Canine Familiar               Summoning                    3
   Summon Guardian Golem              Hexes/Summoning              4
   Summon Lightning Spire             Summoning/Air                4
   Summon Ice Beast                   Ice/Summoning                4


   Skills:
 + Level 0.5 Polearms
 - Level 2.1 Dodging
 - Level 3.0 Stealth
 - Level 2.0 Spellcasting
 * Level 4.1 Summonings


You had 3 spell levels left.
You knew the following spells:

 Your Spells              Type           Power        Failure   Level  Hunger
a - Summon Small Mammal   Summ           ###.         3%          1    #......


Dungeon Overview and Level Annotations

Branches:
Dungeon (1/15)

Altars:


Innate Abilities, Weirdness & Mutations

Your natural rate of healing is unusually fast.
You have razor-sharp teeth.
You have supernaturally acute eyesight.
You can survive without breathing.


Message History

Your quokka barely misses the bat.
The jackal bites you.
* * * LOW HITPOINT WARNING * * *
The bat hits you but does no damage.
Your quokka misses the bat. You miss the jackal. Your bat misses the bat.
Your bat hits the bat but does no damage.
The bat misses your bat. The jackal bites you.
* * * LOW HITPOINT WARNING * * *
The bat closely misses your quokka.
Your quokka misses the bat. The jackal barely misses you.
You closely miss the bat.
The bat is almost dead.
The bat barely misses you.
Your bat misses the bat. The bat barely misses your bat.
The bat closely misses you.
Your quokka closely misses the bat.
The jackal closely misses you.
Your bat hits the bat. The bat barely misses you.
Your bat hits the bat.
The bat dies!
Your quokka bites the jackal.
Your bat barely misses the jackal.
Your quokka bites the jackal.
The jackal bites you.
You die...

#.# ############.......####
###..######...................#
..........[...............##.#
#.......#.###.###........##.#
#.......#.# #.# #.........#.##
#.......#.# #.# #.........#.#.
#.......#.###r###.##......#.#.
..h....#.....shhb..#.##......#...
...s...#......##@#.#.###.....###.
#.............##.#.#.# #......##.
#.....#.......##.#.#.# ##...#.##.
.....#.########.#.#.# #........
....#. #.#.#.# ##...)### ...#.
#.#...# #......# ## #.#####
#......# #.# #......# #.#
#.#....#


You could see 2 jackals, a giant cockroach, a friendly quokka and a friendly
bat.

Vanquished Creatures
  2 goblins (D:1)
  A kobold (D:1)
  A bat (D:1)
4 creatures vanquished.

Vanquished Creatures (collateral kills)
  A bat (D:1)
1 creature vanquished.

Grand Total: 5 creatures vanquished

Notes
Turn   | Place    | Note
--------------------------------------------------------------
     0 | D:1      | PolkaDot, the Vampire Summoner, began the quest for the Orb.
     0 | D:1      | Reached XP level 1. HP: 13/13 MP: 3/3
   136 | D:1      | Slain by a jackal

Action                   || total
-------------------------++-------
Melee: Spear             ||    29
 Cast: Summon Small Mamm ||     2
  Use: Potion            ||     1
 Stab: Sleeping          ||     1
  Eat: Corpse            ||     2
